 Dungeon Crawl Stone Soup version 0.32-a0-876-gcfddb08e57 (webtiles) character file.

Game seed: 9070100944286752714

360 Griffin23 the Slasher (level 6, 0/84 HPs)
             Began as a Minotaur Fighter on Apr 1, 2024.
             Was a Believer of Qazlal.
             Succumbed to an orc's poison
             ... on level 3 of the Dungeon.
             The game lasted 00:02:13 (1300 turns).

Griffin23 the Slasher (Minotaur Fighter)            Turns: 1300, Time: 00:02:13

Health: 0/84       AC:  7    Str: 23    XL:     6   Next: 38%
Magic:  5/5        EV:  8    Int:  5    God:    Qazlal [**....]
Gold:   66         SH:  7    Dex:  9    Spells: 5/5 levels left

rFire   . . .        a - +0 long sword
rCold   . . .        c - +0 buckler
rNeg    . . .        b - +0 scale mail
rPois   .            (helmet restricted)
rElec   .            (no cloak)
rCorr   .            (no gloves)
SInv    .            (no boots)
Will    .....        (no amulet) Stlth
                     (no ring)
HPRegen 0.34/turn    (no ring)
MPRegen 0.09/turn

%: no passive effects
@: berserking (expiring), lethally poisoned (0 -> -9), very quick
A: horns 2, retaliatory headbutt, hooves 1, camouflage 1, teleportitis 1
a: Renounce Religion, Upheaval


You were on level 3 of the Dungeon.
You worshipped Qazlal.
Qazlal was pleased with you.
You visited 1 branch of the dungeon, and saw 3 of its levels.

You collected 66 gold pieces.

Inventory:

Hand Weapons
 a - a +0 long sword (weapon)
Armour
 b - a +0 scale mail (worn)
 c - a +0 buckler (worn)
Jewellery
 g - a ring of flight
Scrolls
 e - 2 scrolls of fog {unknown}
 h - a scroll of teleportation {unknown}
 i - a scroll of torment {unknown}
 j - 2 scrolls of vulnerability {unknown}
 k - a scroll of enchant weapon {unknown}
 n - a scroll of poison {unknown}
Potions
 d - a potion of might
 m - a potion of curing {unknown}


   Skills:
 + Level 5.0 Fighting
 * Level 5.4 Long Blades
 + Level 5.1 Armour
 + Level 5.0 Shields


You had 5 spell levels left.
You didn't know any spells.
Your spell library contained the following spells:

 Spells                   Type           Power      Damage    Failure   Level
 Inner Flame              Hex/Fire       0%         N/A       99%         3
 Flame Wave               Conj/Fire      0%         2d4       100%        4
 Sticky Flame             Fire/Alch      0%         2d4       100%        4


Dungeon Overview and Level Annotations

Branches:
Dungeon (3/15)

Altars:
Makhleb
Qazlal


Innate Abilities, Weirdness & Mutations

You have a pair of horns on your head.
You reflexively headbutt those who attack you in melee.
You have large cloven feet.
Your skin changes colour to match your surroundings (Stealth+).
You are occasionally teleported next to monsters.


Message History

Your headbutt misses the orc.
The orc is moderately wounded.
You feel extremely sick.
The orc hits you from afar with a +2 trident of venom.
* * * LOW HITPOINT WARNING * * *
You are more poisoned.
The orc hits you with a +0 hand axe.
* * * LOW HITPOINT WARNING * * *
It was a potion of berserk rage.
A red film seems to cover your vision as you go berserk!
You feel yourself moving faster!
You feel mighty!
* * * LOW HITPOINT WARNING * * *
You feel very sick. The orc closely misses you. The orc barely misses you.
You are too berserk!
Unknown command.
You hit the orc.
The orc is almost dead.
* * * LOW HITPOINT WARNING * * *
You feel very sick. You block the orc's attack. The orc closely misses you.
You furiously retaliate!
You headbutt the orc!!
You kill the orc!
Qazlal accepts your kill.
* * * LOW HITPOINT WARNING * * *
You feel very sick. You block the orc's attack.
Things that are here:
a +0 hand axe; a +0 chain mail; an orc corpse You slice the orc!!
You kill the orc!
Qazlal accepts your kill.
* * * LOW HITPOINT WARNING * * *
You feel very sick.
You are too berserk!
There is a lethal amount of poison in your body!
* * * LOW HITPOINT WARNING * * *
You feel sick.
You feel a strong urge to attack something.
You die...

..†..†)#..........
.......#..##........##
.......##............##.
......## ###...........
.......# #..........#
.......# #..........#
.......# #..........#
.......# ##.....)...##
................@....#
...........<...).....#
.....#....(.......!..#
........ .?..........#
..... ............# ..!.
...#.......##
.^.##.....## .. #######


There were no monsters in sight!

Vanquished Creatures
  Grinder (D:3)
  An ice beast (D:3)
  2 adders
  A ribbon worm (D:2)
  2 dart slugs (D:1)
  3 orcs (D:3)
  5 ball pythons
  4 endoplasms
  5 giant cockroaches
  5 goblins
  6 hobgoblins
  4 jackals (D:1)
  A quokka (D:2)
  7 bats
  4 frilled lizards
  5 kobolds
  A rat (D:2)
57 creatures vanquished.

Notes
Turn   | Place    | Note
-------+----------+-------------------------------------------
     0 | D:1      | Griffin23 the Minotaur Fighter began the quest for the Orb.
     0 | D:1      | Reached XP level 1. HP: 19/19 MP: 0/0
   188 | D:1      | Reached XP level 2. HP: 27/27 MP: 1/1
   338 | D:1      | Found a faded altar of an unknown god.
   368 | D:1      | Prayed at the altar of an unknown god.
   368 | D:1      | Became a worshipper of Qazlal Stormbringer
   368 | D:1      | Reached * piety under Qazlal
   420 | D:1      | Reached XP level 3. HP: 33/33 MP: 2/2
   694 | D:2      | Found a burning altar of Makhleb.
   954 | D:2      | You fall into a shaft and drop 1 floor!
  1022 | D:3      | Noticed an ice beast
  1026 | D:3      | Killed an ice beast
  1027 | D:3      | Reached XP level 4. HP: 41/41 MP: 3/3
  1027 | D:3      | Reached XP level 5. HP: 47/47 MP: 4/4
  1033 | D:3      | Reached ** piety under Qazlal
  1100 | D:3      | Noticed Grinder
  1112 | D:3      | Gained mutation: You are occasionally teleported next to
                  | monsters. [potion of mutation]
  1112 | D:3      | Gained mutation: You have large cloven feet. [potion of
                  | mutation]
  1112 | D:3      | Gained mutation: Your skin changes colour to match your
                  | surroundings (Stealth+). [potion of mutation]
  1113 | D:3      | Killed Grinder
  1114 | D:3      | Reached skill level 5 in Fighting
  1114 | D:3      | Reached skill level 5 in Long Blades
  1114 | D:3      | Reached skill level 5 in Armour
  1114 | D:3      | Reached skill level 5 in Shields
  1114 | D:3      | Reached XP level 6. HP: 5/56 MP: 5/5
  1298 | D:3      | HP: 3/84 [poisoned by an orc]
  1300 | D:3      | Succumbed to an orc's poison

Illustrated notes

Levels and vault maps discovered:
D:1:      orjb1_lava_funnel, layout_loops_ring,
          shapermc_ecumenical_altar_starsandcircs
D:2:      layout_rooms, basic_altar, minmay_vboxes
D:3:      layout_rooms, cheibrodos_sewer_entry_bend, uniq_grinder

Skill      XL: |  1  2  3  4  5 |
---------------+----------------+-----
Long Blades    | 3 4 5 |  5.4
Fighting       | 4 5 |  5.0
Armour         | 4 5 |  5.1
Shields        | 4 5 |  5.0

Action                     |  1- 3 |  4- 6 || total
---------------------------+-------+-------++-------
  Melee: Long sword        |   108 |    35 ||   143
         Headbutt          |    16 |     5 ||    21
         Kick              |       |     4 ||     4
    Use: Potion            |       |     2 ||     2
 Armour: Scale mail        |    88 |    32 ||   120
  Dodge: Dodged            |    42 |    18 ||    60
  Block: Buckler           |    38 |    15 ||    53

Table legend: (Time is in decaauts)
 A = Elapsed time spent in this place.
 B = Non-inter-level travel time spent in this place.
 C = Inter-level travel time spent in this place.
 D = Time resting spent in this place.
 E = Time spent auto-exploring this place.
 F = Levels seen in this place.
 G = Mean time per level.
                   A        B        C        D        E       F      G
               +--------+--------+--------+--------+--------+-----+--------+
         Total |   1334 |   1302 |     32 |    162 |    786 |   3 |  444.7 |
       Dungeon |   1334 |   1302 |     32 |    162 |    786 |   3 |  444.7 |
               +--------+--------+--------+--------+--------+-----+--------+

Top non-repeatable levels by time:
     D:1: 652 daAuts
     D:3: 352 daAuts
     D:2: 329 daAuts
